 Dungeon Crawl Stone Soup version 0.13-a0-2318-gf5ad1f9 (webtiles) character file.

102 Lekart the Skirmisher (level 3, -4/30 HPs)
             Began as a Draconian Chaos Knight on July 10, 2013.
             Was a Plaything of Xom.
             Killed from afar by Sigmund (8 damage)
             ... with a magic dart
             ... on Level 2 of the Dungeon.
             The game lasted 00:03:19 (917 turns).

Lekart the Skirmisher (Draconian Chaos Knight)       Turns: 917, Time: 00:03:20

HP  -4/30        AC  5     Str 15      XL: 3   Next:  1%
MP   3/3         EV 12     Int 17      God: Xom
Gold 73          SH  0     Dex 11      Spells:  0 memorised,  2 levels left

Res.Fire  : . . .   See Invis. : .   a - +0 hand axe (chaos) {=f}
Res.Cold  : . . .   Warding    : .   (armour unavailable)
Life Prot.: . . .   Conserve   : .   (no shield)
Res.Poison: .       Res.Corr.  : .   (helmet restricted)
Res.Elec. : .       Clarity    : .   (no cloak)
Sust.Abil.: . .     Spirit.Shd : .   (no gloves)
Res.Mut.  : .       Stasis     : .   (no boots)
Res.Rott. : .       Flight     : .   (no amulet)
Saprovore : . . .                    (no ring)
                                     (no ring)

@: confused, brilliant, very slightly contaminated, hasted, very quick, not
resistant to hostile enchantments, very unstealthy
A: unfitting armour, AC +5, Str +1
a: Renounce Religion


You were on level 2 of the Dungeon.
You worshipped Xom.
You were a toy of Xom.
You were not hungry.

You visited 1 branch of the dungeon, and saw 2 of its levels.

You collected 53 gold pieces.

Inventory:

Hand weapons
 a - a +0,+0 hand axe of chaos (weapon) {=f}
Comestibles
 c - 3 bread rations
Scrolls
 b - 2 scrolls of teleportation {unknown}
 e - 2 scrolls of identify {unknown}
 h - a scroll of enchant armour {unknown}
 j - a scroll of random uselessness {unknown}
 l - a scroll of noise {unknown}
Potions
 f - a potion of curing {unknown}
 g - a potion of cure mutation {unknown}
 i - 2 potions of degeneration {unknown}
 k - a potion of mutation {unknown}


   Skills:
 + Level 3.7 Fighting
 + Level 3.3 Axes
 * Level 2.4 Dodging
 + Level 1.0 Unarmed Combat


You had 2 spell levels left.
You didn't know any spells.

Dungeon Overview and Level Annotations

Branches:
Dungeon (2/27)

Altars:

Annotations
D:2 Sigmund


Innate Abilities, Weirdness & Mutations

Your plain brown scales are hard (AC +5).
Your body does not fit into most forms of armour.
Your cold-blooded metabolism reacts poorly to cold.
Your muscles are strong (Str +1).


Message History

Sigmund casts a spell.
Sigmund flickers and vanishes!
Deactivating autopickup; reactivate with Ctrl-A.
You hit the worm.
The worm is almost dead.
You hit the worm. You freeze the worm.
The worm is almost dead.
It hits you!
* * * LOW HITPOINT WARNING * * *
You are too injured to fight recklessly!
Drink which item? (? for menu, Esc to quit)
You feel stronger.
You feel fantastic!
It was a potion of beneficial mutation.
Xom thinks this is hilarious!
You hear some strange, mumbled words.
You are confused.
Ouch!
You are very lightly contaminated with residual magic.
The magic dart hits you!
You die...

#... #>.. #..####
##...#.# #..)w..#
#.(...# #..##?.....
#..# ... #@.# .
#..#### #..##.#
##..##.### ####
#........# #...
#....##### #.##
#....# #######...
#....# #........#
#....########.###.#


You could see a worm (petrified).

Vanquished Creatures
  A giant mite (D:2)
  A giant gecko (D:2)
  3 bats
  4 hobgoblins
  7 kobolds
  2 giant cockroaches (D:2)
  A giant newt (D:1)
  3 goblins
  A rat (D:1)
23 creatures vanquished.

Notes
Turn   | Place    | Note
--------------------------------------------------------------
     0 | D:1      | Lekart, the Draconian Chaos Knight, began the quest for the Orb.
     0 | D:1      | Reached XP level 1. HP: 17/17 MP: 1/1
   550 | D:1      | Reached XP level 2. HP: 24/24 MP: 2/2
   612 | D:1      | XOM: harmless Pois miscast
   825 | D:2      | Reached skill level 1 in Unarmed Combat
   898 | D:2      | Noticed Sigmund
   900 | D:2      | XOM: potion effect (speed)
   905 | D:2      | Reached XP level 3. HP: 26/30 MP: 3/3
   908 | D:2      | XOM: potion effect (brilliance)
   913 | D:2      | Gained mutation: Your muscles are strong (Str +1). [potion of beneficial mutation]
   917 | D:2      | Killed from afar by Sigmund

Action                   || total
-------------------------++-------
Melee: Hand axe          ||    69
  Use: Potion            ||     1
 Stab: Confused          ||     1
       Petrifying        ||     1
